 Dungeon Crawl Stone Soup version 0.31-a0-876-gfe8ebadbca (webtiles) character file.

Game seed: 6048555895259622315

27 cowhearter the Cutter (level 3, -3/2 HPs)
             Began as a Kobold Monk on Oct 13, 2023.
             Slain by a hobgoblin (4 damage)
             ... on level 2 of the Dungeon.
             The game lasted 00:03:43 (1425 turns).

cowhearter the Cutter (Kobold Monk)                 Turns: 1425, Time: 00:03:44

Health: -3/2       AC:  0    Str:  8    XL:     3   Next: 25%
Magic:  3/3        EV: 16    Int: 11    God:
Gold:   147        SH:  0    Dex: 19    Spells: 2/2 levels left

rFire   . . .        k - melded +0 dagger (speed)
rCold   . . .        d - melded orb {light}
rNeg    . . .        b - +0 robe
rPois   .            (no helmet)
rElec   .            (no cloak)
rCorr   .            (gloves currently unavailable)
SInv    .            (no boots)
Will    .....        (no amulet)
Stlth   +++          (no ring)
HPRegen 0.20/turn    (no ring)
MPRegen 0.08/turn

%: no passive effects
@: blade hands
A: reduced hp, small, no large weapons, nightstalker 3
a: Begin Untransformation


You were on level 2 of the Dungeon.
You had blades for hands.
You visited 1 branch of the dungeon, and saw 2 of its levels.

You collected 147 gold pieces.

Inventory:

Hand Weapons
 a - a +0 short sword
 k - a +0 dagger of speed (melded)
Armour
 b - a +0 robe (worn)
 d - an orb of light (melded)
Jewellery
 m - a +6 ring of intelligence
Talismans
 n - a flux talisman
 p - a blade talisman (active)
Scrolls
 f - 2 scrolls of teleportation {unknown}
 g - a scroll of silence {unknown}
 h - a scroll of enchant armour {unknown}
 l - a scroll of fear {unknown}
 o - a scroll of noise {unknown}
Potions
 c - a potion of ambrosia
 e - 2 potions of curing {unknown}
 i - a potion of might {unknown}
 j - 2 potions of experience {unknown}


   Skills:
 + Level 3.9 Fighting
 + Level 4.6 Short Blades
 + Level 3.8 Dodging
 + Level 0.1 Stealth


You had 2 spell levels left.
You didn't know any spells.
Your spell library contained the following spells:

 Spells                   Type           Power      Damage    Failure   Level
 Hailstorm                Conj/Ice       0%         3d3       71%         3
 Summon Ice Beast         Ice/Summ       0%         N/A       98%         4
 Simulacrum               Ice/Necr       0%         N/A       100%        6


Dungeon Overview and Level Annotations

Branches:
Dungeon (2/15)

Altars:


Innate Abilities, Weirdness & Mutations

You have blades for hands.
Your maximum health is decreased, since you lack skill for your form.
You are incapable of wielding weapons or throwing items.
You are small and have problems with some larger weapons.
You are completely attuned to the shadows.


Message History

You hit the kobold but do no damage.
The kobold is moderately wounded.
The kobold barely misses you. The rat misses you.
You hit the kobold.
You kill the kobold!
The rat bites you.
You see here a +0 dagger.
You hit the rat but do no damage. The rat closely misses you.
You hit the rat.
The rat is heavily wounded.
The rat barely misses you.
You hit the rat.
You kill the rat!
You see here a blade talisman.
p - a blade talisman You begin transforming.
You continue transforming. x3
Your hands turn into razor-sharp scythe blades.
Your +0 dagger of speed melds into your body.
Your orb of light melds into your body.
You open the door.
There is an open door here.
A ball python comes into view.
A ball python is nearby!
A hobgoblin comes into view.
The helpless ball python fails to defend itself.
You hit the ball python.
The ball python is severely wounded.
The hobgoblin shouts!
The ball python bites you.
Ouch! That really hurt!
The ball python barely misses you. x2; The ball python closely misses you.
You barely miss the ball python.
The ball python is severely wounded.
The hobgoblin misses you. The ball python closely misses you.
The ball python barely misses you.
You closely miss the ball python.
The ball python is severely wounded.
The hobgoblin hits you.
Ouch! That really hurt!
You die...

.. #. .##.
...S#################
...g@......##.......#
....#####...#.###....
..#. #..........#.# .
#. ##...#.#####.# ..
##.##.# #.# #.##.#
#.# #.##.. ..# #...#
##'## #.. ###...###
##...#######.#


You could see a hobgoblin and a ball python.

Vanquished Creatures
  A worm (D:2)
  A bat (D:2)
  An endoplasm (D:2)
  2 giant cockroaches (D:1)
  A goblin (D:2)
  2 hobgoblins
  5 kobolds
  3 ball pythons (D:2)
  4 frilled lizards (D:1)
  3 rats
23 creatures vanquished.

Notes
Turn   | Place    | Note
-------+----------+-------------------------------------------
     0 | D:1      | cowhearter the Kobold Monk began the quest for the Orb.
     0 | D:1      | Reached XP level 1. HP: 14/14 MP: 1/1
   174 | D:1      | Reached XP level 2. HP: 11/20 MP: 2/2
   934 | D:2      | Reached XP level 3. HP: 24/24 MP: 3/3
  1425 | D:2      | Slain by a hobgoblin

Illustrated notes

Levels and vault maps discovered:
D:1:      heliophobic_arrival_dark_side_of_the_moon, layout_rooms
D:2:      layout_loops_corners

Action                     || total
---------------------------++-------
  Melee: Short sword       ||    53
         Dagger            ||    41
         Unarmed           ||     3
   Stab: Sleeping          ||     2
 Armour: Robe              ||    19
  Dodge: Dodged            ||    67
         Form:             ||     1
         Blade             ||     1
         Flux              ||     1

Table legend: (Time is in decaauts)
 A = Elapsed time spent in this place.
 B = Non-inter-level travel time spent in this place.
 C = Inter-level travel time spent in this place.
 D = Time resting spent in this place.
 E = Time spent auto-exploring this place.
 F = Levels seen in this place.
 G = Mean time per level.
                   A        B        C        D        E       F      G
               +--------+--------+--------+--------+--------+-----+--------+
         Total |   1394 |   1356 |     38 |     88 |    975 |   2 |  697.0 |
       Dungeon |   1394 |   1356 |     38 |     88 |    975 |   2 |  697.0 |
               +--------+--------+--------+--------+--------+-----+--------+

Top non-repeatable levels by time:
     D:2: 804 daAuts
     D:1: 589 daAuts
